AoeStats
← 李贰叁

Arena

510762008Analyzed
4v4 RM · 17h ago on Oct 2, 2026· 88m 46s· 8 players
Game mode
Random Map
Map size
Large (8 player)
Population
200
Speed
Normal
Resources
Standard
Victory
Conquest
Starting age
Dark Age
Ending age
Imperial Age
RankedLock teamsTeams togetherTeam positionsShared explorationLock speedFull tech treeHidden civsTurbo modeCheats
Victory
Defeat
🇨🇳 Saxons · China
895
+34
🇮🇳 Wu · India
783
+17
🇨🇳 Huns · China
683
+21
🇨🇳 Vietnamese · China
843
-20
🇹🇷 Portuguese · Türkiye
833
-19
🇺🇸 Burgundians · United States
783
-17
🇩🇪 Danes · Germany
765
-16
Sam Gupta
0:41 Loom
12:24 Feudal Age
14:51 Town Watch
17:12 Castle Age
15:20 Stone Mining
15:56 Double-Bit Axe
16:30 Fletching
17:25 Gold Mining
李贰叁
11:20 Feudal Age
11:46 Double-Bit Axe
11:43 Horse Collar
13:38 Wheelbarrow
14:20 Gold Mining
16:20 Stone Mining
19:08 Castle Age
17:23 Forging
17:46 Scale Mail Armor
20:30 Hand Cart
20:27 Bow Saw
20:57 Chain Mail Armor
21:00 Heavy Plow
25:59 Gold Shaft Mining
27:43 Iron Casting
31:12 Imperial Age
29:32 Fletching
29:32 Treadmill Crane
29:48 Murder Holes
30:14 Ballistics
30:06 Fortified Wall
29:58 Arson
30:14 Squires
30:01 Gambesons
30:31 Bodkin Arrow
33:11 Two-Man Saw
31:36 Shield Wall
32:37 Conscription
34:25 Crop Rotation
34:49 Caravan
35:03 Elite Varangian Guard
36:33 Hoardings
38:26 Plate Mail Armor
37:58 Bracer
42:31 Elite Hearth Troop
44:44 Chemistry
43:51 Siege Engineers
43:59 Masonry
49:21 Guilds
今日滋五甲,明日滋十甲,然后得一夕红甲
11:11 Feudal Age
15:13 Castle Age
13:16 Double-Bit Axe
14:05 Horse Collar
14:54 Man-at-Arms
16:04 Gambesons
17:16 Gold Mining
18:32 Crossbowman
20:09 Fletching
26:38 Wheelbarrow
25:49 Loom
27:53 Stone Mining
28:47 Hand Cart
29:10 Bow Saw
29:38 Gold Shaft Mining
29:38 Stone Shaft Mining
29:06 Heavy Plow
30:13 Caravan
31:29 Arson
34:22 Imperial Age
32:20 Ballistics
32:14 Forging
32:05 Scale Mail Armor
32:51 Pikeman
33:31 Squires
36:54 Chemistry
36:00 Siege Engineers
35:39 Onager
36:58 Siege Onager
38:52 Murder Holes
38:53 Elite Varangian Guard
40:17 Conscription
40:55 Chain Mail Armor
41:16 Iron Casting
41:03 Northmen's Fury
42:28 Hamask
45:53 Blast Furnace
47:58 Elite Jomsviking
54:14 Plate Mail Armor
出木杉英才
11:24 Feudal Age
11:58 Double-Bit Axe
18:28 Castle Age
17:19 Bloodlines
18:10 Forging
18:48 Scale Barding Armor
21:21 Husbandry
21:56 Husbandry
22:02 Gold Mining
25:51 Iron Casting
30:03 Wheelbarrow
31:21 Pikeman
35:55 Imperial Age
34:36 Bow Saw
34:38 Squires
34:45 Scale Mail Armor
36:32 Sanctity
36:31 Fervor
36:16 Halberdier
36:49 Cavalier
37:33 Horse Collar
39:03 Illumination
38:52 Heavy Plow
42:41 Caravan
45:06 Hand Cart
46:12 Blast Furnace
50:56 Chain Mail Armor
51:01 Chain Barding Armor
50:07 Paladin
53:37 Arson
63:44 Plate Barding Armor
parla
11:22 Feudal Age
16:15 Castle Age
20:41 Circumnavigation
22:54 Pikeman
33:23 Imperial Age
32:51 Murder Holes
35:50 Chemistry
34:38 Loom
39:32 Bombard Tower
40:55 Heated Shot
41:02 Double-Bit Axe
41:21 Padded Archer Armor
41:12 Fletching
41:17 Stone Mining
42:22 Halberdier
50:24 Bow Saw
54:55 Ballistics
54:41 Siege Engineers
54:44 Scale Barding Armor
56:54 Wheelbarrow
56:06 Town Watch
57:26 Two-Man Saw
59:11 Chain Barding Armor
59:16 Leather Archer Armor
58:49 Treadmill Crane
60:52 Horse Collar
61:05 Gold Mining
61:37 Hand Cart
61:16 Capped Ram
65:54 Guard Tower
66:07 Scale Mail Armor
71:21 Ring Archer Armor
70:47 Bodkin Arrow
Jopek
12:23 Feudal Age
13:32 Double-Bit Axe
13:50 Man-at-Arms
15:08 Horse Collar
18:17 Bloodlines
21:16 Gold Mining
21:17 Stone Mining
24:12 Castle Age
499557901
11:13 Feudal Age
16:08 Castle Age
13:55 Loom
14:42 Double-Bit Axe
14:40 Horse Collar
17:10 Bow Saw
17:04 Heavy Plow
26:24 Husbandry
26:35 Bloodlines
31:05 Chatras
33:42 Scale Barding Armor
33:39 Gold Mining
34:58 Coinage
36:18 Wheelbarrow
40:01 Imperial Age
37:56 Hand Cart
37:29 Town Watch
38:31 Chain Barding Armor
40:03 Elite Battle Elephant
41:01 Forging
42:31 Banking
42:19 Guilds
43:07 Iron Casting
44:09 Plate Barding Armor
43:27 Fletching
44:28 Caravan
45:30 Paper Money
45:48 Hoardings
47:49 Devotion
48:47 Thumb Ring
48:04 Elite Skirmisher
52:45 Imperial Skirmisher
55:04 Bodkin Arrow
55:10 Padded Archer Armor
55:10 Scale Mail Armor
55:36 Ballistics
56:17 Chemistry
56:21 Cavalier
57:21 Stone Mining
68:10 Capped Ram
75:05 Heavy Cavalry Archer
83:41 Light Cavalry
85:32 Light Cavalry
TheBoss2333
3:24 Loom
10:51 Feudal Age
9:35 Double-Bit Axe
10:59 Gold Mining
13:59 Bow Saw
14:02 Horse Collar
22:37 Castle Age
20:47 Heavy Plow
20:52 Stone Mining
21:40 Scale Mail Armor
23:00 Forging
24:07 Chain Mail Armor
32:29 Iron Casting
33:46 Gold Shaft Mining
41:51 Imperial Age
40:46 Squires
40:32 Arson
41:12 Scale Barding Armor
42:27 Chain Barding Armor
42:41 Crop Rotation
42:49 Stone Shaft Mining
43:19 Two-Man Saw
42:53 Burgundian Vineyards
43:55 Plate Mail Armor
44:25 Blast Furnace
48:10 Plate Barding Armor
48:52 Elite Coustillier
50:59 Conscription
Connection lost

Rejoining the realm…

Still unreachable

The connection could not be restored.

Session expired

The server has moved on; the page needs a fresh start.